 Dungeon Crawl Stone Soup version 0.23-a0-398-g8eab93f (webtiles) character file.

175 RonnieColeman the Conjurer (level 5, -3/28 HPs)
             Began as a Deep Elf Conjurer on Nov 3, 2018.
             Killed from afar by an orc wizard (11 damage)
             ... with a magic dart
             ... on level 4 of the Dungeon.
             The game lasted 00:08:19 (2243 turns).

RonnieColeman the Conjurer (Deep Elf Conjurer)      Turns: 2243, Time: 00:08:20

Health: -3/28      AC:  3    Str:  5    XL:     5   Next: 29%
Magic:  0/14       EV: 13    Int: 23    God:
Gold:   83         SH:  0    Dex: 15    Spells: 8/13 levels left

rFire    . . .     SeeInvis .   g - +5 dagger
rCold    . . .     Gourm    .   (no shield)
rNeg     . . .     Faith    .   a - +0 robe
rPois    .         Spirit   .   (no helmet)
rElec    .         Reflect  .   (no cloak)
rCorr    .         Harm     .   (no gloves)
MR       .....                  k - +0 pair of boots
Stlth    ++........             (no amulet)
HPRegen  0.09/turn              n - +2 ring of intelligence
MPRegen  0.14/turn              (no ring)

@: slowed, very slow
A: no striking features
a: no special abilities


You were on level 4 of the Dungeon.
You were not hungry.

You visited 1 branch of the dungeon, and saw 4 of its levels.

You collected 83 gold pieces.

Inventory:

Hand Weapons
 g - a +5 dagger (weapon)
Armour
 a - a +0 robe (worn)
 k - a +0 pair of boots (worn)
 l - a +0 buckler
Jewellery
 n - a +2 ring of intelligence (left hand)
Scrolls
 b - a scroll of noise {unknown}
 f - 4 scrolls of identify {unknown}
 h - 2 scrolls of teleportation {unknown}
 i - 2 scrolls of remove curse
 j - a scroll of enchant weapon {unknown}
Potions
 d - a potion of degeneration {unknown}
 e - a potion of lignification {unknown}
 p - a potion of agility {unknown}
Comestibles
 c - 4 rations
 m - 5 chunks of flesh


   Skills:
 - Level 2.4 Dodging
 - Level 2.4 Stealth
 + Level 4.8 Spellcasting
 * Level 6.5 Conjurations


You had 8 spell levels left.
You knew the following spells:

 Your Spells              Type           Power        Failure   Level  Hunger
a - Magic Dart            Conj           ####         1%          1    None
b - Iskenderun's Mystic   Conj           #####...     6%          4    ####...

Your spell library contained the following spells:

 Spells                   Type           Power        Failure   Level  Hunger
 Searing Ray              Conj           #####.       1%          2    None
 Dazzling Spray           Conj/Hex       ###...       8%          3    ##.....
 Force Lance              Conj/Tloc      ###.....     26%         4    ####...
 Fulminant Prism          Conj/Hex       ###.......   26%         4    ####...


Dungeon Overview and Level Annotations

Branches:
Dungeon (4/15)
 Temple: D:4-7

Altars:

Annotations:
D:4 Menkaure


Message History

* * * LOW HITPOINT WARNING * * *
Casting: Magic Dart (safe; 1% risk of failure)
Confirm with . or Enter, or press ? or * to list all spells.
Aiming: Magic Dart (safe; 1% risk of failure)
Press: ? - help, Shift-Dir - straight line, f/p - orc wizard
Aim: an orc wizard, wielding a -3 dagger and wearing a +0 robe (heavily The magic dart hits the orc wizard.
The orc wizard is severely wounded.
The orc wizard gestures at you while chanting.
You feel yourself slow down.
An orc priest comes into view. It is wielding a +0 war axe.
You hit the orc wizard but do no damage.
The orc wizard is severely wounded.
The orc wizard barely misses you.
The orc wizard hits you but does no damage.
The orc wizard mumbles some strange words.
The orc wizard blinks!
The orc wizard casts a spell at you. The magic dart hits you!
You die...

... ..). .... #.. ....
.....> ..# ..... ......
..##.....
...#o.###..........
........#..........
..................##..#.#
...........@...#....#....##
...............#.# ..(....##
.....>......##.#.###........
.........................>.#
#............÷...# #.....#
#......)...#.....# ##.....#
#.†.o...<.##.....###.....#
..#.#......#............##
#..%.##..##............#.


You could see an orc priest and an orc wizard.

Vanquished Creatures
  A scorpion (D:3)
  4 adders
  3 gnolls (D:2)
  An ooze (D:2)
  2 dart slugs
  3 leopard geckos
  3 orcs
  A giant cockroach (D:4)
  4 goblins
  5 hobgoblins
  6 jackals
  4 kobolds
  A ball python (D:2)
  3 bats
  5 frilled lizards
  6 rats
52 creatures vanquished.

Notes
Turn   | Place    | Note
-------+----------+-------------------------------------------
     0 | D:1      | RonnieColeman the Deep Elf Conjurer began the quest for the
                  | Orb.
     0 | D:1      | Reached XP level 1. HP: 10/10 MP: 6/6
   149 | D:1      | Reached XP level 2. HP: 14/15 MP: 1/8
   369 | D:1      | Reached skill level 5 in Conjurations
  1066 | D:2      | Reached XP level 3. HP: 19/19 MP: 6/10
  1392 | D:2      | Reached XP level 4. HP: 24/24 MP: 10/12
  1738 | D:3      | Reached skill level 6 in Conjurations
  1738 | D:3      | Reached XP level 5. HP: 9/28 MP: 1/14
  2110 | D:4      | Learned a level 4 spell: Iskenderun's Mystic Blast
  2150 | D:4      | Noticed Menkaure
  2243 | D:4      | Killed from afar by an orc wizard

Vault maps used:
D:1:      sevenhm_arrival_forest_fort_small_1
D:3:      first_ration, nicolae_gozag_cash_rules_everything_around_me
D:4:      gammafunk_steamed_eel, nicolae_ossuary_entry_monument, uniq_menkaure

Skill      XL: |  1  2  3  4 |
---------------+-------------+-----
Conjurations   | 5 6 |  6.5
Spellcasting   | 4 |  4.8
Dodging        | |  2.4
Stealth        | |  2.4

Action                   |  1- 3 |  4- 6 || total
-------------------------+-------+-------++-------
Melee: Short sword       |     2 |       ||     2
       Dagger            |     7 |    19 ||    26
 Cast: Magic Dart        |    53 |    61 ||   114
  Use: Scroll            |     1 |     1 ||     2
 Stab: Sleeping          |     1 |       ||     1
  Eat: Chunk             |     1 |     3 ||     4
Armor: Robe              |     3 |     6 ||     9
Dodge: Dodged            |     7 |    21 ||    28

Table legend:
 A = Non-vault XP
 B = Vault XP
 C = Vault XP percentage of total XP
 D = Non-vault monster count
 E = Vault monster count
 F = Vault count percentage of total count
                 A         B        C        D         E       F
            +---------+---------+-------+---------+---------+-------
      Total |     251 |       0 |   0.0 |      52 |       0 |   0.0
            +---------+---------+-------+---------+---------+-------
        D:1 |      32 |       0 |   0.0 |      19 |       0 |   0.0
        D:2 |      92 |       0 |   0.0 |      16 |       0 |   0.0
        D:3 |      96 |       0 |   0.0 |       8 |       0 |   0.0
        D:4 |      31 |       0 |   0.0 |       9 |       0 |   0.0
            +---------+---------+-------+---------+---------+-------
